 Dungeon Crawl Stone Soup version 0.31-a0-178-g96ec847f19 (webtiles) character file.

Game seed: 9557522613045408286

457 qw the Shooter (level 7, -1/64 HPs)
             Began as a Naga Hunter on June 18, 2023.
             Succumbed to an orc wizard's poison
             ... on level 4 of the Dungeon.
             The game lasted 00:01:14 (3113 turns).

qw the Shooter (Naga Hunter)                        Turns: 3113, Time: 00:01:15

Health: -1/64      AC:  6    Str: 14    XL:     7   Next: 6%
Magic:  7/7        EV:  9    Int:  9    God:
Gold:   153        SH:  0    Dex: 16    Spells: 6/6 levels left

rFire   . . .        Y - +0 shortbow
rCold   . . .        (shield currently unavailable)
rNeg    . . .        c - +0 leather armour
rPois   +            i - +2 helmet
rElec   .            (no cloak)
rCorr   .            (no gloves)
SInv    +            (no barding)
Will    .....        (no amulet)
Stlth   ++           (no ring)
HPRegen 0.30/turn    (no ring)
MPRegen 0.10/turn

%: no passive effects
@: lethally poisoned (-1 -> -12), short of breath, very slow
A: AC +2, large, see invisible, deformed body, poison resistance, slowness 2,
spit poison 1, naga tail 1
a: Spit Poison


You were on level 4 of the Dungeon.
You visited 1 branch of the dungeon, and saw 4 of its levels.

You collected 153 gold pieces.


Innate Abilities, Weirdness & Mutations

Your serpentine skin is tough. (AC +2)
You have supernaturally acute eyesight. (SInv)
Armour fits poorly on your strangely shaped body.
Your system is resistant to poisons. (rPois)
You cover ground very slowly.
You can spit poison.
You have a snake-like lower body.


   Skills:
 - Level 4.0 Fighting
 + Level 6.7 Ranged Weapons
 - Level 1.5 Dodging
 - Level 1.5 Stealth


You had 6 spell levels left.
You didn't know any spells.
Your spell library was empty.

Inventory:

Hand Weapons
 Y - a +0 shortbow (weapon)
Armour
 c - a +0 leather armour (worn)
 f - a +0 leather armour of fire resistance
 i - a +2 helmet (worn)
Scrolls
 a - a scroll of enchant armour
 n - a scroll of poison {unknown}
Potions
 b - a potion of curing {unknown}
 d - a potion of resistance {unknown}
 e - a potion of ambrosia {unknown}
 g - a potion of haste
 h - a potion of enlightenment
 j - a potion of might {unknown}
 k - a potion of heal wounds {unknown}
 l - a potion of lignification {unknown}
 m - a potion of mutation {unknown}

Dungeon Overview and Level Annotations

Branches:
Dungeon (4/15)
 Temple: D:4-7

Altars:


Message History

Aiming: Spit Poison (1% risk of failure)
Press: ? - help, Shift-Dir - straight line, f - orc The splash of poison hits the orc.
The orc is lightly wounded.
The orc wizard points at you and mumbles some strange words.
You are confused.
The orc priest invokes the aid of Beogh against you.
Beogh smites you!
An orc comes into view. It is wielding a +0 short sword.
You hear a shout!
The orc hits you with a +0 short sword.
The orc hits you but does no damage. x2; The gnoll barely misses you.
The gnoll closely misses you. The orc hits you with a +0 falchion.
The orc priest invokes the aid of Beogh against you.
Beogh smites you!
The gnoll hits you from afar with a +0 spear.
An orc wizard comes into view. It is wielding a +0 dagger.
The orc hits you but does no damage. x2
The gnoll hits you from afar with a +0 spear. x2
You have got your breath back.
The orc wizard mumbles some strange words.
The orc wizard flickers and vanishes for a moment.
The gnoll hits you from afar with a +0 spear.
The orc closely misses you.
The gnoll hits you from afar with a +0 spear.
You feel less confused.
The orc wizard hits you but does no damage.
You are lethally poisoned!
The gnoll hits you but does no damage. The orc hits you but does no damage.
The orc barely misses you. The orc priest barely misses you.
The orc priest begins to cast a cantrip, but forgets the words!
The orc wizard mumbles some strange words.
The orc wizard flickers and vanishes for a moment.
The gnoll hits you from afar with a +0 spear.
3113 ||| INVOKING Spit Poison.
Aiming: Spit Poison (1% risk of failure)
Press: ? - help, Shift-Dir - straight line, f/p - orc The splash of poison hits the orc.
The orc is moderately wounded.
You die...

#########
######.....#.##
#........>....#
##.........%...# #
####.............###.
####..............#..##.
......#..####....###.##.
.## #o@o# ###### ##...
#oo## #...


#gog# #... ...go# #... ....ooo ##.. ......... ### .......). # .......... # # You
could see 2 orc priests, 2 orc wizards, 2 gnolls, 5 orcs and a hobgoblin.

Vanquished Creatures
  A phantom (D:4)
  An orc priest (D:4)
  2 iguanas (D:4)
  Natasha (twice) (D:4)
  2 orc wizards (D:4)
  A gnoll (D:4)
  13 adders
  A worm (D:4)
  4 dart slugs
  5 orcs (D:4)
  7 ball pythons
  7 endoplasms
  A giant cockroach (D:3)
  5 goblins
  2 hobgoblins
  4 quokkas
  3 bats (D:2)
  2 frilled lizards
  5 kobolds
  5 rats
73 creatures vanquished.

Notes
Turn   | Place    | Note
-------+----------+-------------------------------------------
     0 | D:1      | qw the Naga Hunter began the quest for the Orb.
     0 | D:1      | Reached XP level 1. HP: 19/19 MP: 1/1
     0 | D:1      | 0 ||| qw: Version: 0.3-a-7-ge0c9b40
     0 | D:1      | 0 ||| qw: Game counter: 866
     0 | D:1      | 0 ||| qw: Always use a shield: true
     0 | D:1      | 0 ||| qw: God list: Okawaru
     0 | D:1      | 0 ||| qw: Allow faded altars: false
     0 | D:1      | 0 ||| qw: Do Orc after D:15 true
     0 | D:1      | 0 ||| qw: Do second Lair branch before Depths: true
     0 | D:1      | 0 ||| qw: Lair rune preference: random
     0 | D:1      | 0 ||| qw: Plans: Normal
     0 | D:1      | 0 ||| PLANNING D:1-11
    64 | D:1      | 64 ||| INVOKING Spit Poison.
    91 | D:1      | 91 ||| INVOKING Spit Poison.
   142 | D:1      | Reached skill level 4 in Ranged Weapons
   142 | D:1      | Reached XP level 2. HP: 26/26 MP: 2/2
   154 | D:1      | 154 ||| FLEEEEING.
   155 | D:1      | 155 ||| FLEEEEING.
   157 | D:1      | 157 ||| FLEEEEING.
   158 | D:1      | 158 ||| FLEEEEING.
   159 | D:1      | 159 ||| FLEEEEING.
   252 | D:1      | 252 ||| INVOKING Spit Poison.
   303 | D:1      | 303 ||| INVOKING Spit Poison.
   324 | D:1      | 324 ||| INVOKING Spit Poison.
   332 | D:1      | 332 ||| INVOKING Spit Poison.
   678 | D:1      | 678 ||| INVOKING Spit Poison.
   868 | D:1      | 868 ||| INVOKING Spit Poison.
   913 | D:1      | 913 ||| INVOKING Spit Poison.
  1029 | D:1      | 1029 ||| READING 2 scrolls labelled CAEPNOEWYO.
  1030 | D:1      | 1030 ||| READING scroll labelled CATIABA NOAS.
  1031 | D:1      | 1031 ||| DRINKING 2 fuming pink potions.
  1032 | D:1      | 1032 ||| DROPPING scroll of butterflies.
  1033 | D:1      | 1033 ||| DROPPING potion of degeneration.
  1097 | D:2      | 1097 ||| INVOKING Spit Poison.
  1103 | D:2      | 1103 ||| INVOKING Spit Poison.
  1105 | D:2      | Reached XP level 3. HP: 30/32 MP: 3/3
  1106 | D:2      | 1106 ||| INVOKING Spit Poison.
  1132 | D:2      | 1132 ||| INVOKING Spit Poison.
  1143 | D:2      | 1143 ||| INVOKING Spit Poison.
  1208 | D:2      | 1208 ||| INVOKING Spit Poison.
  1215 | D:2      | 1215 ||| INVOKING Spit Poison.
  1219 | D:2      | 1219 ||| INVOKING Spit Poison.
  1254 | D:2      | 1254 ||| INVOKING Spit Poison.
  1259 | D:2      | Reached skill level 5 in Ranged Weapons
  1259 | D:2      | Reached XP level 4. HP: 39/39 MP: 4/4
  1260 | D:2      | 1260 ||| INVOKING Spit Poison.
  1266 | D:2      | 1266 ||| INVOKING Spit Poison.
  1318 | D:2      | 1318 ||| INVOKING Spit Poison.
  1322 | D:2      | 1322 ||| INVOKING Spit Poison.
  1326 | D:2      | 1326 ||| INVOKING Spit Poison.
  1370 | D:2      | 1370 ||| INVOKING Spit Poison.
  1374 | D:2      | 1374 ||| INVOKING Spit Poison.
  1381 | D:2      | 1381 ||| INVOKING Spit Poison.
  1385 | D:2      | 1385 ||| INVOKING Spit Poison.
  1402 | D:2      | 1402 ||| INVOKING Spit Poison.
  1406 | D:2      | Reached skill level 3 in Fighting
  1438 | D:2      | 1438 ||| INVOKING Spit Poison.
  1480 | D:2      | 1480 ||| INVOKING Spit Poison.
  1483 | D:2      | 1483 ||| INVOKING Spit Poison.
  1611 | D:2      | Reached XP level 5. HP: 49/49 MP: 5/5
  1720 | D:2      | 1720 ||| INVOKING Spit Poison.
  1726 | D:2      | 1726 ||| INVOKING Spit Poison.
  1763 | D:2      | 1763 ||| UPGRADING to +2 helmet.
  1768 | D:2      | 1768 ||| READING scroll labelled ONYGUS GECH.
  1769 | D:2      | 1769 ||| DRINKING 2 orange potions.
  1770 | D:2      | 1770 ||| DRINKING 2 fizzy dark potions.
  1846 | D:3      | 1846 ||| INVOKING Spit Poison.
  1875 | D:3      | 1875 ||| INVOKING Spit Poison.
  1906 | D:3      | Found a faded altar of an unknown god.
  1937 | D:3      | 1937 ||| INVOKING Spit Poison.
  2026 | D:3      | 2026 ||| INVOKING Spit Poison.
  2251 | D:3      | 2251 ||| INVOKING Spit Poison.
  2375 | D:3      | 2375 ||| READING scroll labelled FOASUU MEBBO.
  2395 | D:4      | 2395 ||| INVOKING Spit Poison.
  2401 | D:4      | Noticed a phantom
  2421 | D:4      | Killed a phantom
  2422 | D:4      | Reached skill level 6 in Ranged Weapons
  2422 | D:4      | Reached XP level 6. HP: 33/56 MP: 6/6
  2506 | D:4      | 2506 ||| INVOKING Spit Poison.
  2509 | D:4      | 2509 ||| INVOKING Spit Poison.
  2516 | D:4      | 2516 ||| INVOKING Spit Poison.
  2519 | D:4      | 2519 ||| INVOKING Spit Poison.
  2525 | D:4      | 2525 ||| INVOKING Spit Poison.
  2541 | D:4      | 2541 ||| INVOKING Spit Poison.
  2600 | D:4      | 2600 ||| FLEEEEING.
  2605 | D:4      | 2605 ||| STAIRDANCE
  2665 | D:4      | 2665 ||| INVOKING Spit Poison.
  2671 | D:4      | 2671 ||| INVOKING Spit Poison.
  2677 | D:4      | 2677 ||| INVOKING Spit Poison.
  2681 | D:4      | 2681 ||| INVOKING Spit Poison.
  2754 | D:4      | Noticed Natasha
  2755 | D:4      | 2755 ||| Stepping ~*~*~tactically~*~*~ (outnumbered).
  2758 | D:4      | 2758 ||| INVOKING Spit Poison.
  2762 | D:4      | Killed Natasha
  2764 | D:4      | 2764 ||| INVOKING Spit Poison.
  2777 | D:4      | 2777 ||| INVOKING Spit Poison.
  2784 | D:4      | 2784 ||| INVOKING Spit Poison.
  2932 | D:4      | 2932 ||| INVOKING Spit Poison.
  3035 | D:4      | Noticed Natasha
  3036 | D:4      | 3036 ||| INVOKING Spit Poison.
  3040 | D:4      | 3040 ||| INVOKING Spit Poison.
  3041 | D:4      | Killed Natasha
  3042 | D:4      | Reached XP level 7. HP: 58/64 MP: 7/7
  3085 | D:4      | 3085 ||| INVOKING Spit Poison.
  3103 | D:4      | 3103 ||| INVOKING Spit Poison.
  3106 | D:4      | 3106 ||| INVOKING Spit Poison.
  3110 | D:4      | HP: 13/64 [gnoll/+0 spear (6)]
  3111 | D:4      | HP: 4/64 [gnoll/+0 spear (6)]
  3112 | D:4      | HP: 1/64 [gnoll/+0 spear (3)]
  3113 | D:4      | 3113 ||| INVOKING Spit Poison.
  3113 | D:4      | Succumbed to an orc wizard's poison

Levels and vault maps discovered:
D:1:      dpeg_arrival_solitude, layout_basic
D:2:      layout_rooms, minmay_snake_closets
D:3:      layout_basic, basic_ecumenical_altar, serial_glass, glass_columns_a,
          glass_columns_a, due_unseen_surprise, minmay_strange_pillars,
          dk_noncrumbling_2
D:4:      layout_cave_pods, overflow_temple_1_default, kennysheep_mini,
          grunt_decor_fettered, grunt_tough_drop, uniq_natasha

Skill      XL: |  1  2  3  4  5  6 |
---------------+-------------------+-----
Ranged Weapons | 4 5 6 |  6.7
Fighting       | 3 4 |  4.0
Dodging        | |  1.5
Stealth        | |  1.5

Action                     |  1- 3 |  4- 6 |  7- 9 || total
---------------------------+-------+-------+-------++-------
   Fire: Shortbow          |    49 |   124 |     5 ||   178
Ability: Spit Poison       |    18 |    38 |     4 ||    60
    Use: Scroll            |     2 |     2 |       ||     4
         Potion            |     1 |     2 |       ||     3
 Armour: Leather armour    |     4 |    25 |     7 ||    36
  Dodge: Dodged            |    13 |    36 |     5 ||    54

Table legend:
 A = Non-vault XP
 B = Vault XP
 C = Vault XP percentage of total XP
 D = Non-vault monster count
 E = Vault monster count
 F = Vault count percentage of total count
                 A         B        C        D         E       F
            +---------+---------+-------+---------+---------+-------
      Total |     521 |     133 |  20.3 |      62 |      11 |  15.1
            +---------+---------+-------+---------+---------+-------
        D:1 |      29 |       0 |   0.0 |      16 |       0 |   0.0
        D:2 |      65 |      98 |  60.1 |      18 |      10 |  35.7
        D:3 |      38 |       0 |   0.0 |       7 |       0 |   0.0
        D:4 |     389 |      35 |   8.3 |      21 |       1 |   4.5
            +---------+---------+-------+---------+---------+-------
